 Dungeon Crawl Stone Soup version 0.19.1 (webtiles) character file.

226 Nydiazath the Sneak (level 5, 0/24 HPs)
             Began as a Spriggan Enchanter on Dec 14, 2016.
             Killed by divine providence
             ... invoked by an orc priest
              (16 damage)
             ... on level 3 of the Dungeon.
             The game lasted 00:09:28 (3907 turns).

Nydiazath the Sneak (Spriggan Enchanter)            Turns: 3907, Time: 00:09:29

Health: 0/24       AC:  5    Str:  4    XL:     5   Next: 69%
Magic:  0/10       EV: 18    Int: 17    God:
Gold:   157        SH:  0    Dex: 17    Spells: 3 memorised, 3 levels left

rFire  . . .     SeeInvis +     a - +1 dagger
rCold  . . .     Gourm    .     b - +1 robe
rNeg   . . .     Faith    .     (shield restricted)
rPois  .         Spirit   .     d - +2 hat
rElec  .         Reflect  .     (no cloak)
rCorr  .         Harm     .     (gloves unavailable)
MR     .....                    (boots unavailable)
Stlth  ++++......               (no amulet)
                                (no ring)
                                (no ring)

@: very slightly contaminated, very quick
A: unfitting armour, see invisible, herbivore 3, speed 3, slow metabolism 2
a: no special abilities


You were on level 3 of the Dungeon.
You were not hungry.

You visited 1 branch of the dungeon, and saw 3 of its levels.

You collected 157 gold pieces.

Inventory:

Hand Weapons
 a - a +1 dagger (weapon)
Armour
 b - a +1 robe (worn)
 d - a +2 hat (worn)
Scrolls
 h - 2 scrolls of random uselessness {unknown}
 j - a scroll of recharging {unknown}
 k - 2 scrolls of remove curse {unknown}
 l - 3 scrolls of teleportation {unknown}
 n - 3 scrolls of identify {unknown}
Potions
 e - a potion of resistance {unknown}
 f - 2 potions of curing {unknown}
 g - a potion of invisibility {unknown}
 i - a potion of haste {unknown}
 m - a potion of heal wounds {unknown}
Books
 c - a book of Maledictions

   Spells                             Type                      Level
   a - Corona                         Hexes                        1
   b - Ensorcelled Hibernation        Hexes/Ice                    2
   c - Confuse                        Hexes                        3
   d - Tukima's Dance                 Hexes                        3
   e - Dazzling Spray                 Conjuration/Hexes            3


   Skills:
 + Level 4.2 Short Blades
 - Level 3.0 Dodging
 + Level 7.9 Stealth
 - Level 2.6 Spellcasting
 - Level 3.6 Hexes


You had 3 spell levels left.
You knew the following spells:

 Your Spells              Type           Power        Failure   Level  Hunger
a - Corona                Hex            ##.....      4%          1    #......
b - Ensorcelled Hibernat  Hex/Ice        #.....       17%         2    ##.....
c - Confuse               Hex            ##......     14%         3    ###....


Dungeon Overview and Level Annotations

Branches:
Dungeon (3/15)

Altars:


Innate Abilities, Weirdness & Mutations

You are very small and have problems with some larger weapons.
You are too small for most types of armour.
You have supernaturally acute eyesight. (SInv)
You are a herbivore.
You cover ground extremely quickly.
You need consume almost no food.


Message History

You miscast Ensorcelled Hibernation.
You are very lightly contaminated with residual magic.
You feel a strange surge of energy! The orc priest misses you.
Casting: Ensorcelled Hibernation
Confirm with . or Enter, or press ? or * to list all spells.
Aiming: Ensorcelled Hibernation
Press: ? - help, Shift-Dir - straight line, f/p - orc priest
Aim: an orc priest, wielding a war axe and wearing a leather armour (chance to defeat MR: 39%)
The orc priest resists with some effort.
The orc priest closely misses you.
Casting: Ensorcelled Hibernation
Confirm with . or Enter, or press ? or * to list all spells.
Aiming: Ensorcelled Hibernation
Press: ? - help, Shift-Dir - straight line, f/p - orc priest
Aim: an orc priest, wielding a war axe and wearing a leather armour (chance to defeat MR: 39%)
The orc priest resists with some effort.
The orc priest invokes the aid of Beogh against you.
Beogh smites you!
Ouch! That really hurt!
You die...

#.......(.########
##........#
#........#
#........#
#........#
.#######........#
................#
.........#.....##
.......@.#.....#
#.....o..###...#
#........# #...#
#........# #...#
#........# ..^#
########## ###


You could see an orc priest.

Vanquished Creatures
  The ghost of Nydiazath the Sneak, an amateur SpEn (D:3)
  An orc priest (D:3)
  4 adders
  2 oozes (D:1)
  A worm (D:2)
  4 dart slugs
  4 leopard geckos
  6 orcs (D:3)
  A ball python (D:1)
  2 giant cockroaches
  8 goblins
  2 hobgoblins (D:1)
  10 jackals
  A quokka (D:3)
  5 bats
  13 frilled lizards
  3 kobolds
  11 rats
79 creatures vanquished.

Notes
Turn   | Place    | Note
-------+----------+-------------------------------------------
     0 | D:1      | Nydiazath the Spriggan Enchanter began the quest for the Orb.
     0 | D:1      | Reached XP level 1. HP: 9/9 MP: 5/5
    65 | D:1      | Reached skill level 5 in Stealth
    89 | D:1      | Reached XP level 2. HP: 6/13 MP: 6/6
   100 | D:1      | Learned a level 2 spell: Ensorcelled Hibernation
   898 | D:1      | Reached XP level 3. HP: 15/16 MP: 8/8
  1006 | D:1      | Reached skill level 6 in Stealth
  1380 | D:2      | Reached XP level 4. HP: 16/21 MP: 6/9
  2023 | D:3      | Noticed Nydiazath's ghost (amateur SpEn)
  2595 | D:2      | Learned a level 3 spell: Confuse
  2805 | D:3      | Killed Nydiazath's ghost
  2805 | D:3      | Reached skill level 7 in Stealth
  2805 | D:3      | Reached XP level 5. HP: 19/24 MP: 6/10
  3907 | D:3      | Killed from afar by an orc priest

Skill      XL: |  1  2  3  4  5 |
---------------+----------------+-----
Stealth        | 5 6 7 |  7.9
Short Blades   | 2 3 4 |  4.2
Dodging        | |  3.0
Spellcasting   | |  2.6
Hexes          | |  3.6

Action                   |  1- 3 |  4- 6 || total
-------------------------+-------+-------++-------
Melee: Dagger            |   129 |   141 ||   270
 Cast: Ensorcelled Hiber |    15 |    38 ||    53
       Confuse           |       |     1 ||     1
 Stab: Sleeping          |    22 |    21 ||    43
       Confused          |       |     2 ||     2
  Eat: Bread ration      |       |     1 ||     1
Armor: Robe              |    21 |    32 ||    53
Dodge: Dodged            |   108 |   208 ||   316
